 Dungeon Crawl Stone Soup version 0.28.0 (webtiles) character file.

Game seed: 4742894834392918974

97 croobank the Cudgeller (level 4, -6/45 HPs)
             Began as a Troll Abyssal Knight on Feb 5, 2022.
             Was a Believer of Lugonu.
             Killed by nerve-wracking pain
             ... invoked by Grinder
              (12 damage)
             ... while paralysed by Grinder
             ... on level 3 of the Dungeon.
             The game lasted 00:11:54 (1673 turns).

croobank the Cudgeller (Troll Abyssal Knight)       Turns: 1673, Time: 00:11:55

Health: -6/45      AC:  5    Str: 32    XL:     4   Next: 42%
Magic:  4/4        EV:  1    Int:  6    God:    Lugonu [**....]
Gold:   127        SH:  0    Dex: 10    Spells: 3/3 levels left

rFire   . . .      SeeInvis .   a - +1 mace
rCold   . . .      Faith    .   (no shield)
rNeg    . . .      Spirit   .   f - +0 robe
rPois   +          Reflect  .   (helmet restricted)
rElec   .          Harm     .   j - +0 cloak of the Abyss {rPois Will- Str+9}
rCorr   .          Rampage  .   (gloves unavailable)
Will    .....                   (boots unavailable)
Stlth   +.........              (no amulet)
HPRegen 0.95/turn               (no ring)
MPRegen 0.09/turn               (no ring)

@: paralysed
A: large, unfitting armour, claws 3, regeneration 1, shaggy fur 1, tough skin 1
a: Renounce Religion, Depart the Abyss, Bend Space


You were on level 3 of the Dungeon.
You worshipped Lugonu.
Lugonu was pleased with you.
You visited 1 branch of the dungeon, and saw 3 of its levels.
You visited the Abyss 1 time.

You collected 127 gold pieces.

Inventory:

Hand Weapons
 a - a +1 mace (weapon)
 b - a +0 hunting sling
Missiles
 d - 2 poisoned darts
 k - 79 stones
Armour
 e - a +0 buckler
 f - a +0 robe (worn)
 j - the +0 cloak of the Abyss (worn) {rPois Will- Str+9}
   (You found it on level 3 of the Dungeon)

   Str:       It affects your strength (+9).
   rPois:     It protects you from poison.
   Will:      It decreases your willpower.
Magical Staves
 i - a staff of fire
Potions
 c - 2 potions of curing {unknown}
 g - 2 potions of attraction {unknown}
 h - 3 potions of haste {unknown}
 l - a potion of might {unknown}
 m - a potion of ambrosia {unknown}


   Skills:
 + Level 3.0 Fighting
 + Level 3.1 Maces & Flails
 + Level 2.4 Dodging
 + Level 0.3 Stealth
 + Level 1.6 Invocations


You had 3 spell levels left.
You didn't know any spells.
Your spell library contained the following spells:

 Spells                   Type           Power      Damage    Failure   Level
 Sting                    Tmut/Pois      0%         1d3       45%         1
 Poisonous Vapours        Pois/Air       0%         N/A       58%         2
 Ignite Poison            Fire/Tmut/Pois 0%         N/A       83%         3
 Mephitic Cloud           Conj/Pois/Air  0%         N/A       83%         3
 Olgreb's Toxic Radiance  Pois           0%         N/A       99%         4
 Freezing Cloud           Conj/Ice/Air   0%         6-21      100%        5


Dungeon Overview and Level Annotations

Branches:
Dungeon (3/15)

Altars:
Makhleb

Annotations:
D:2 Sigmund
D:3 Grinder


Innate Abilities, Weirdness & Mutations

You are too large for most types of armour.
You have claws for hands.
Your natural rate of healing is unusually fast.
You are covered in fur. (AC +1)
You have tough skin. (AC +1)


Message History

Grinder is heavily wounded.
Grinder hits you!
You writhe in agony.
You barely miss Grinder.
Grinder is heavily wounded.
Grinder closely misses you.
You barely miss Grinder.
Grinder is heavily wounded.
Grinder gestures at you.
You struggle to resist.
Grinder grins, showing sharp teeth.
Grinder hits you but does no damage.
You sock Grinder!
Grinder is severely wounded.
Grinder hits you.
You writhe in agony.
You barely miss Grinder.
Grinder is severely wounded.
Grinder gestures at you.
You suddenly lose the ability to move!
Grinder hits you.
* * * LOW HITPOINT WARNING * * *
Grinder hits you.
* * * LOW HITPOINT WARNING * * *
You writhe in agony.
* * * LOW HITPOINT WARNING * * *
You can move again.
Grinder gestures at you. Pain shoots through your body!
* * * LOW HITPOINT WARNING * * *
Grinder gestures at you.
You shrug off the repeated paralysis!
Grinder blinks!
There is a stone staircase leading up here.
Grinder gestures at you.
You suddenly lose the ability to move!
Grinder gestures at you. Pain shoots through your body!
* * * LOW HITPOINT WARNING * * *
Grinder gestures at you. Pain shoots through your body!
You die...

.# ##.#######.#
.###########........#)# ###
....................).#.....
..##.#..#...............#
#.##.#.........5...#.##.#
#.##......#........#.##.#####
#.##.##...#..................
#.##.##.................####.
#.#####.#.#.....@...........
#.#####.......#.#.##.##..###
........####..#.#.##.# ..#
..≈.....# #..#.#.##.# ..#
.≈.####<# #..#.#.#... .#
≈.≈####.## #..#.#.#..# ##
≈≈≈##....# #..#.#.#...
≈..##....# #......# .≈
≈≈.......####.#.###


You could see Grinder.

Vanquished Creatures
  An orc priest (D:3)
  2 adders (D:3)
  A dart slug (D:1)
  An orc (D:3)
  2 ball pythons (D:3)
  2 bats
  4 endoplasms
  A giant cockroach (D:3)
  7 goblins
  3 hobgoblins
  4 jackals (D:2)
  A quokka (D:3)
  2 frilled lizards
  3 kobolds
  12 rats
46 creatures vanquished.

Notes
Turn   | Place    | Note
-------+----------+-------------------------------------------
     0 | Abyss:1  | croobank the Troll Abyssal Knight began the quest for the
                  | Orb.
     0 | Abyss:1  | Reached XP level 1. HP: 22/22 MP: 1/1
    10 | D:1      | Escaped the Abyss
   223 | D:1      | Reached XP level 2. HP: 29/29 MP: 2/2
   695 | D:2      | Noticed Sigmund
  1006 | D:2      | Reached ** piety under Lugonu
  1007 | D:2      | Reached XP level 3. HP: 35/36 MP: 3/3
  1195 | D:3      | Found a burning altar of Makhleb.
  1287 | D:3      | Identified the +0 cloak of the Abyss {rPois Will- Str+9}
  1372 | D:3      | Found a faded altar of an unknown god.
  1434 | D:3      | Reached XP level 4. HP: 30/45 MP: 4/4
  1644 | D:3      | Noticed Grinder
  1651 | D:3      | Paralysed by Grinder for 2 turns
  1663 | D:3      | Paralysed by Grinder for 3 turns
  1671 | D:3      | Paralysed by Grinder for 7 turns
  1673 | D:3      | Killed from afar by Grinder

Illustrated notes

Levels and vault maps discovered:
D:1:      amcnicky_arrival_flooded_fountain, layout_loops_ring
D:2:      layout_loops_ring, minmay_rat_gold_closets, uniq_sigmund
D:3:      layout_basic, kennysheep_slug_shrine, lemuel_tele_altar,
          chequers_ecumenical_altar_island, kennysheep_generic_room_12,
          uniq_ijyb, uniq_crazy_yiuf_cottage, uniq_grinder

Skill      XL: |  1  2  3 |
---------------+----------+-----
Dodging        | 2 |  2.4
Maces & Flails | 2 3 |  3.1
Fighting       | 3 |  3.0
Stealth        | |  0.3
Invocations    | |  1.6

Action                   |  1- 3 |  4- 6 || total
-------------------------+-------+-------++-------
Melee: Mace              |   119 |    23 ||   142
  Use: Scroll            |     3 |     2 ||     5
 Stab: Sleeping          |     2 |       ||     2
Armor: Robe              |    41 |    11 ||    52
Dodge: Dodged            |    59 |    10 ||    69
